[Event "*** Titled Tuesday Blitz"]
[Site "Chess.com"]
[Date "2021.03.16"]
[Round "11"]
[White "MITerryble"]
[Black "NTBT_DHS"]
[Result "1/2-1/2"]
[WhiteElo "2915"]
[BlackElo "2808"]
[TimeControl "180+1"]
[EndTime "12:07:15 PDT"]
[Termination "Game drawn by repetition"]

1. e4 g6 2. Nf3 Bg7 3. d4 d6 4.
Bc4 Nf6 5. Qe2 O-O 6. O-O Bg4 7. Nbd2 Nc6 8. c3 e5 9. d5 Ne7 10. h3 Bd7 11. Bd3 Nh5 12. Nb3 h6 13. c4 b6 14.
Kh2 a5 15. g3 Qe8 16. g4 Nf4 17. Bxf4 exf4 18. Rae1 a4 19. Nbd4 g5 20. e5 dxe5 21.
Nxe5 Ng6 22. Bxg6 fxg6 23. Qe4 Bxe5 24. Qxe5 Qxe5 25. Rxe5 Rfe8 26. Rfe1 Rxe5 27. Rxe5 Kf7 28. Kg2 Kf6 29. Re2 h5 30. f3 Ra5 31. Kf2 Rc5 32. b3 b5 33. Ne6 Bxe6 34. Rxe6+ Kf7 35. Re4 axb3 36. axb3 b4 37. Re6 Ra5 38. Rc6 Ra2+ 39.
Ke1 Rb2 40. Rxc7+ Ke8 41. d6 Rxb3 42. c5 Rd3 43. Rc8+ Kd7 44. Rc7+ Kd8 45. Rb7 Rd5 46.
Rb8+ Kd7 47. Rb7+ Kd8 48. Rb5 hxg4 49. hxg4 b3 50. Rxb3 Rxc5 51. Rb8+ Kd7 52. Rg8 Re5+ 53. Kf2 Re6 54. Ra8 Kxd6 55. Ra5 Ke7 56. Rxg5 Kf6 57. Rb5 Re5 58. Rb6+ Kg5 59. Rb2 Rd5 60. Kg2 Kh4 61. Rf2 Rd3 62. Rc2 g5 63. Rb2 Re3 64. Rd2 Rc3 65. Re2 Rc1 66. Rf2 Re1 67. Rd2 Re3 68. Rc2 Rd3 69. Re2 Rc3 70. Rd2 Rb3 71.
Rc2 Rb1 72. Rf2 Re1 73. Rd2 Re3 74. Rf2 Re6 75. Rb2 Re1 76. Kf2 Rh1 77. Kg2 Re1 78. Rc2 Rd1 79. Ra2 Re1 80. Rb2 Rc1 81. Ra2 Rc3 82.
Rb2 Ra3 83. Rf2 Rd3 84. Re2 Rc3 85. Rf2 Re3 86. Rd2 Re1 87. Rf2 Rd1 88. Re2 Rc1 89. Rf2 Rc3 90. Re2 Re3 91. Rf2 Re1 1/2-1/2

[Event "*** Titled Tuesday Blitz"]
[Site "Chess.com"]
[Date "2021.03.16"]
[Round "11"]
[White "MaevskiyNikolay"]
[Black "Margency"]
[Result "1/2-1/2"]
[WhiteElo "2563"]
[BlackElo "2716"]
[TimeControl "180+1"]
[EndTime "12:07:19 PDT"]
[Termination "Game drawn by repetition"]

1. d4 d5 2. c4 e6 3. Nf3 c5 4.
cxd5 exd5 5. g3 Nc6 6. Bg2 Nf6 7. Nc3 Be7 8. O-O O-O 9. dxc5 Bxc5 10. Na4 Be7 11. Be3 Re8 12. Rc1 Bg4 13. Bc5 Bxc5 14. Nxc5 Qb6 15. b3 Rad8 16. Re1 Ne4 17. Nd3 d4 18. h3 Bh5 19. Qc2 Nc3 20. Qb2 Bg6 21. Nf4 Ne4 22. Nd3 a5 23. Nh4 Nc3 24. Nxg6 hxg6 25. a3 g5 26. Kh2 g6 27. e3 Nb5 28. exd4 Nbxd4 29. Rxe8+ Rxe8 30. b4 axb4 31. axb4 Re2 32. Qc3 Kh7 33. Re1 Rc2 34. Qa3 Qc7 35. Re8 Qd7 36. Qa8 Kg7 37. Rg8+ Kf6 38. Nc5 Qe7 39.
Ne4+ Ke5 40. Qa1 Re2 41. Nc5 Rxf2 42. Nd3+ Kd6 43. Nxf2 Qe2 44. Qf1 Qe3 45. b5 Ne5 46. Rd8+ Kc7 47. Rxd4 Qxd4 48. Qc1+ Kb6 49. Qc2 f6 50.
Ne4 Qe3 51. Nc3 Qd4 52. Qb2 Ka7 53. Na4 Qxa4 54. b6+ Ka6 55. Bf1+ Ka5 56. Qd2+ Kxb6 57. Qd6+ Qc6 58. Qd4+ Qc5 59. Qd8+ Ka7 60. Qxf6 Qe3 61. Bg2 g4 62. h4 Nf3+ 63. Bxf3 Qf2+ 64. Kh1 Qxf3+ 65.
Qxf3 gxf3 66. g4 b5 67. h5 gxh5 68. g5 b4 69. g6 b3 70. g7 b2 71. g8=Q b1=Q+ 72. Kh2 Qc2+ 73. Kh3 Qf2 74. Qg7+ Kb6 75. Qf6+ Kc5 76. Qe5+ Kc4 77. Qc7+ Kd3 78. Qd6+ Qd4 79. Qa3+ Ke2 80. Qa6+ Qd3 81. Qe6+ Qe3 82. Qa2+ Kf1 83.
Qb1+ Kf2 84. Qc2+ Ke1 85. Qb1+ Ke2 86. Qc2+ Qd2 87. Qe4+ Qe3 88. Qc2+ Ke1 89. Qb1+ Kd2 90. Qb2+ Kd3 91. Qb3+ Ke4 92. Qe6+ Kd4 93. Qb6+ Kd3 94. Qb3+ Ke2 95. Qc2+ 1/2-1/2

[Event "*** Titled Tuesday Blitz"]
[Site "Chess.com"]
[Date "2021.03.16"]
[Round "11"]
[White "dosto07"]
[Black "zverr1"]
[Result "1/2-1/2"]
[WhiteElo "2369"]
[BlackElo "2484"]
[TimeControl "180+1"]
[EndTime "12:07:19 PDT"]
[Termination "Game drawn - timeout vs insufficient material"]

1. e4 c5 2. Nf3 Nc6 3. Bb5 g6 4. Bxc6 dxc6 5. d3 Bg7 6. h3 Nf6 7. Nc3 Nd7 8. Be3 e5 9. Qd2 h6 10. O-O f5 11. exf5 gxf5 12. Rfe1 Kf7 13. Qe2 b6 14. a3 Nf8 15. Rad1 Ng6 16. b4 Re8 17.
Nh2 Qe7 18. Qh5 cxb4 19. axb4 Qxb4 20. Bd2 Qh4 21. Qf3 Bb7 22. Qxf5+ Qf6 23. Qh5 Qh4 24. Qf5+ Qf6 25. Qh5 c5 26. Ng4 Qh4 27. Qf5+ Bf6 28. g3 Bc8 29. Qxg6+ Kxg6 30. gxh4 Bxh4 31. Nxe5+ Kh7 32.
Nd5 Rg8+ 33. Kh2 Bxf2 34. Re2 Bg3+ 35. Kh1 Bxh3 36. Nf6+ Kh8 37. Nxg8 Rxg8 38. Rg1 h5 39. Bc3 h4 40. Ng4+ Kh7 41. Nf6+ Kg7 42. Nxg8+ Kxg8 43.
Rxg3+ hxg3 44. Re3 g2+ 45. Kg1 Bf5 46. Re7 c4 47. Rxa7 cxd3 48. cxd3 Bxd3 49. Kxg2 b5 50. Rb7 Kf8 51. Bb4+ Kg8 52. Ra7 Kh8 53. Kg3 Kg8 54. Kf4 Bc4 55. Kg5 Bd3 56. Bc3 Kf8 57. Bf6 Ke8 58. Kf4 Bc4 59. Ke3 Kf8 60. Kd4 Kg8 61.
Kc5 Kf8 62. Rc7 Ke8 63. Bc3 Kd8 64. Rg7 Kc8 65. Bb4 Kd8 66. Kc6 Ke8 67. Kd6 Kf8 68. Rc7 Ke8 69. Ke5 Kd8 70. Ba5 Ke8 71. Kf6 Kd8 72.
Rxc4+ Kd7 73. Rc5 b4 74. Rb5 Kd6 75. Rxb4 Kc6 76. Rb1 Kd5 77. Kf5 Kc4 78. Rc1+ Kd3 79. Rc7 Kd4 80. Ke6 Ke4 81. Rd7 Ke3 82. Bb6+ Kf4 83.
Rd6 Kg5 84. Ke5 Kg4 85. Rd4+ Kf3 86. Kf5 Ke3 87. Rd5+ Kf3 88. Bc5 Ke2 89. Rd4 Kf3 90. Rd3+ Ke2 91. Re3+ Kd2 92. Kf4 Kc2 93. Kf3 Kd2 94. Ke4 Kc2 95. Rg3 Kd2 96. Kd4 Ke2 97. Rg2+ Kf3 98. Ra2 Kf4 99. Kd5 Kg3 100. Bd4 Kf3 101. Rf2+ Kg3 102. Ke4 Kg4 103. Rf4+ Kg3 104. Kf5 Kg2 105. Kg5 Kg3 106. Kf5 Kh3 1/2-1/2

[Event "*** Titled Tuesday Blitz"]
[Site "Chess.com"]
[Date "2021.03.16"]
[Round "11"]
[White "ckgchess"]
[Black "Artem_Sadovsky"]
[Result "0-1"]
[WhiteElo "2738"]
[BlackElo "2635"]
[TimeControl "180+1"]
[EndTime "12:07:27 PDT"]
[Termination "Artem_Sadovsky won by checkmate"]

1. e4 c6 2. d4 d5 3. e5 c5 4.
dxc5 Nc6 5. f4 Bf5 6. Be3 d4 7. Bf2 e6 8. Bd3 Nh6 9. Nf3 Bxc5 10. O-O O-O 11. Nbd2 Bxd3 12. cxd3 Nf5 13. Rc1 Bb6 14. Nc4 a6 15. Qb3 Ba7 16. Qxb7 Ne3 17. Bxe3 dxe3 18. Kh1 Nd4 19. Nxe3 Ne2 20. Rce1 Nxf4 21.
Qe4 Nxd3 22. Rd1 Nc5 23. Qg4 Qe7 24. Ng5 h6 25. Nh3 Rad8 26. Nf4 Ne4 27. Nh5 f5 28. exf6 Rxd1 29. Qxd1 Nxf6 30. Nxf6+ Rxf6 31. Nc4 Rxf1+ 32. Qxf1 Qc5 33. b3 Qd4 34. Qe1 Kh7 35. Ne5 Qe3 36. Qxe3 Bxe3 37. g3 Bd4 38. Nc6 Bc3 39. Kg2 Kg6 40.
Kf3 Kf5 41. g4+ Kg5 42. h3 Kh4 43. Kg2 Kg5 44. Kg3 Be1+ 45. Kf3 Kh4 46. Kg2 Kg5 47.
Nd4 Kf6 48. Kf3 Bc3 49. Ne2 Bb2 50. Ke4 Kg5 51. Kf3 Kh4 52. Kg2 Be5 53. a3 Kg5 54. Kf3 Bb2 55. a4 Kh4 56. Nf4 e5 57. Nd3 Bc3 58.
Nf2 a5 59. Kg2 Bd4 60. Ne4 Bb2 61. Nd6 Kg5 62. Nc4 Bc3 63. Kf3 Kh4 64. Kg2 e4 65. Nd6 e3 66. Nf5+ Kg5 67. Nxe3 Bd4 68. Nc4 Bc3 69. Kg3 Be1+ 70. Kf3 Kh4 71. Kg2 Bc3 72. Nd6 Bb4 73. Nf5+ Kg5 74. Nxg7 Kf4 75. Kf2 Ke4 76. Nf5 h5 77. Ng3+ Kd4 78. gxh5 Kc3 79. h6 Kxb3 80. h7 Bc3 81. Ne4 Bd4+ 82. Kf3 Kxa4 83. Kf4 Kb3 84. Kf5 Bh8 85. Nf6 a4 86.
Ng4 a3 87. Ne5 a2 88. Nf7 a1=Q 89. Ng5 Qg7 90. Kg4 Qg6 91. h4 Qh6 92. h5 Bf6 93. Ne4 Qg7+ 94. Kf5 Bd4 95. Ng5 Qe5+ 96. Kg6 Qf6# 0-1

[Event "*** Titled Tuesday Blitz"]
[Site "Chess.com"]
[Date "2021.03.16"]
[Round "11"]
[White "I_Enchev"]
[Black "Supernotar"]
[Result "1/2-1/2"]
[WhiteElo "2564"]
[BlackElo "2708"]
[TimeControl "180+1"]
[EndTime "12:07:36 PDT"]
[Termination "Game drawn by repetition"]

1. d4 d5 2. c4 dxc4 3. Nf3 Nf6 4.
e3 e6 5. Bxc4 a6 6. a4 c5 7. O-O Nc6 8. Qe2 cxd4 9. Rd1 Be7 10.
exd4 O-O 11. Nc3 Nb4 12. Ne5 Bd7 13. Bg5 Bc6 14. Nxc6 bxc6 15. a5 Qc7 16. b3 Rfd8 17. Be3 Nfd5 18. Ne4 Qa7 19. Rac1 Rd7 20. Nc5 Bxc5 21.
dxc5 Qc7 22. Bd4 Rad8 23. Be5 Qxa5 24. Qg4 f5 25. Qg3 g6 26. Bd6 Qa2 27. h4 Kf7 28.
h5 Qb2 29. h6 Qf6 30. Re1 g5 31.
Qh3 g4 32. Qh5+ Qg6 33. Qh4 Qf6 34. Qh2 Re8 35. Re2 a5 36. Rce1 f4 37. Re4 Nc2 38. Rc1 Nd4 39. Bxf4 Nxf4 40. Rxf4 Nf5 41. Qh5+ Ke7 42.
Re1 Kd8 43. Qxg4 Rd4 44. Rxd4+ Nxd4 45. Rd1 e5 46. Qe2 Kc7 47. Qd2 Rf8 48. Qxa5+ Kd7 49.
Qa7+ Ke8 50. Qb8+ Ke7 51. Qc7+ Ke8 52. Rd2 Qg5 53. Qb8+ Ke7 54. Qd6+ Ke8 55. Rxd4 exd4 56. Qxc6+ Ke7 57. Qd6+ Ke8 58. Qxd4 Qc1+ 59. Bf1 Qxh6 60. b4 Qf6 61. Qe3+ Kf7 62. Bc4+ Kg7 63. c6 Qxc6 64.
Bf1 Qf6 65. b5 Kh8 66. Qc5 Rg8 67. Qc7 Rg7 68. Qc8+ Rg8 69. Qc4 Rg6 70. Qd5 Kg7 71. Qb7+ Kh6 72. Qe4 Kg7 73. Qe3 Rh6 74. Qe4 Qg5 75. Bd3 Qc1+ 76. Bf1 Qg5 77. Qd4+ Qf6 78. Qc5 Qg6 79. Qd4+ Qf6 80. Qc5 Qg6 81. Qc7+ Qf7 82. Qd8 Qh5 83. f3 Qh2+ 84. Kf2 Qh4+ 85. Qxh4 Rxh4 86.
Bd3 Rb4 87. Ke3 Kf6 88. g4 h6 89. Kd2 Ke5 90. Kc3 Rf4 91. Be4 Rf6 92. Kc4 Kd6 93. b6 Rf7 94. b7 Kc7 95. Kd4 Rf8 96. Ke5 Rh8 97. Kf6 Rg8 98. Kf7 Rg5 99. Kf6 Rg8 100. Bd5 Rg5 101. Be4 Rg8 1/2-1/2

[Event "*** Titled Tuesday Blitz"]
[Site "Chess.com"]
[Date "2021.03.16"]
[Round "11"]
[White "Sokoloco"]
[Black "mbojan"]
[Result "0-1"]
[WhiteElo "2446"]
[BlackElo "2651"]
[TimeControl "180+1"]
[EndTime "12:08:06 PDT"]
[Termination "mbojan won by checkmate"]

1. b3 Nf6 2. Bb2 Ng8 3. e3 Nf6 4. f4 Ng8 5. Nf3 d6 6. Be2 Nf6 7. O-O e6 8. d3 Nc6 9. Nbd2 Be7 10. e4 O-O 11. Kh1 Ng4 12. Qc1 e5 13. f5 d5 14.
h3 Ne3 15. Re1 d4 16. Nf1 Nxf1 17. Rxf1 h6 18. g4 Bg5 19. Qe1 Bf4 20. Bc1 Bxc1 21. Rxc1 g5 22. h4 f6 23. hxg5 hxg5 24. Kg2 Kg7 25.
Rh1 Bd7 26. Qg3 Qe7 27. Rh5 Rh8 28. Rch1 Rxh5 29. gxh5 Kh6 30. Nh2 Rh8 31. Ng4+ Kg7 32. h6+ Kf8 33. Qh3 Rh7 34. Qg3 Be8 35. a4 Nd8 36.
Qe1 b6 37. c3 dxc3 38. Qxc3 c5 39. Qc4 Bf7 40. Qa6 Be8 41. Qc8 Kf7 42. Ne3 Bc6 43. Bh5+ Kf8 44. Bg6 Rh8 45. h7 Qd7 46. Qxd7 Bxd7 47.
Nd5 Kg7 48. Rc1 Bc6 49. Ne3 Be8 50. Bxe8 Rxe8 51. b4 Nb7 52. Nd5 Rh8 53. bxc5 Nxc5 54. a5 Rxh7 55. axb6 axb6 56. Nxb6 Nxd3 57. Rc7+ Kh6 58.
Rc6 Nf4+ 59. Kf3 Nh5 60. Nd7 Rxd7 61. Re6 Rd3+ 62. Ke2 Rd4 63. Ke3 Kg7 64. Re7+ Kf8 65. Rh7 Nf4 66. Rh8+ Kg7 67. Re8 Rd3+ 68. Kf2 g4 69.
Re7+ Kh6 70. Rf7 g3+ 71. Ke1 Re3+ 72. Kf1 g2+ 73. Kf2 Re2+ 74. Kf3 Re1 75. Rxf6+ Kg5 76. Rg6+ Nxg6 77. Kxg2 Nh4+ 78. Kf2 Rxe4 79. f6 Rf4+ 80.
Kg3 Kxf6 81. Kh3 Nf5 82. Kg2 Ne7 83. Kh3 Nc6 84. Kg3 Nb8 85. Kg2 Na6 86. Kg3 Nc7 87.
Kg2 Na8 88. Kg3 Ke7 89. Kg2 Ke6 90. Kg3 Kf5 91. Kg2 Kg6 92. Kg3 Kh6 93. Kg2 Kh7 94. Kg3 Kh8 95. Kg2 Kg8 96. Kg3 Kf8 97. Kg2 Ke8 98. Kg3 Kd7 99. Kg2 Ke6 100. Kg3 Kf5 101. Kg2 e4 102. Kg3 Nc7 103. Kg2 Na6 104. Kg3 Nc5 105. Kg2 Na4 106. Kg3 Nc3 107. Kg2 Na2 108. Kg3 Nc1 109. Kg2 Nd3 110. Kg3 Ne5 111. Kg2 Ng6 112. Kg3 Nh8 113. Kg2 Nf7 114. Kg3 Nh6 115. Kg2 Ng8 116. Kg3 Nf6 117.
Kg2 Nh5 118. Kh3 Ng7 119. Kg2 Ne6 120. Kg3 e3 121. Kg2 e2 122. Kg3 e1=Q+ 123. Kg2 Qe2+ 124. Kh3 Rf3+ 125. Kh4 Qe4+ 126. Kh5 Nf4+ 127. Kh4 Ng6+ 128. Kh5 Rh3# 0-1

[Event "*** Titled Tuesday Blitz"]
[Site "Chess.com"]
[Date "2021.03.16"]
[Round "11"]
[White "MustafayevFarid2004"]
[Black "MatyChess1"]
[Result "1-0"]
[WhiteElo "2488"]
[BlackElo "2572"]
[TimeControl "180+1"]
[EndTime "12:09:00 PDT"]
[Termination "MustafayevFarid2004 won by checkmate"]

1. d4 d5 2. c4 e6 3. Nc3 Bb4 4. e3 Nf6 5. Qc2 O-O 6. a3 Bxc3+ 7. Qxc3 b6 8. Qc2 dxc4 9. Bxc4 Ba6 10. Nf3 c5 11.
O-O cxd4 12. Nxd4 Qc7 13. Bxa6 Qxc2 14. Nxc2 Nxa6 15. Nd4 Rac8 16. b4 Rc4 17. Bb2 Rfc8 18. Rac1 Ne4 19. Rxc4 Rxc4 20. f3 Nf6 21. Rd1 h5 22. e4 Nc7 23. Kf2 Nd7 24. Ne2 Nf6 25. Bxf6 gxf6 26. Rd7 Rc2 27. Ke3 Nb5 28. a4 Nc3 29.
Nf4 Nxa4 30. Nxh5 Rxg2 31. Nxf6+ Kg7 32. Nh5+ Kf8 33. Rxa7 Nb2 34. Kd4 Rxh2 35. Nf6 Rf2 36. Nd7+ Kg7 37. Ne5 b5 38. Rxf7+ Kg8 39. Rf4 Na4 40.
Nd3 Rf1 41. Rg4+ Kf7 42. Ne5+ Ke7 43. Rg7+ Kf8 44. Rf7+ Ke8 45. Rb7 Rd1+ 46. Ke3 Rb1 47. Rxb5 Nc3 48. Rb8+ Ke7 49. Kd3 Nd1 50. Kc2 Ra1 51.
Nc4 Nf2 52. Kb2 Rf1 53. Rb7+ Kf6 54. b5 Nd3+ 55. Kc2 Nc5 56. Rc7 Na4 57. e5+ Kg6 58.
b6 Nxb6 59. Nxb6 Rxf3 60. Nc4 Rh3 61. Nd2 Kf5 62. Rc5 Kf4 63. Nb3 Rh2+ 64. Nd2 Kf5 65. Ra5 Kf4 66. Kd3 Rh3+ 67. Kd4 Rh2 68. Ne4 Rh1 69. Nd6 Rd1+ 70. Kc3 Rc1+ 71. Kd2 Rc7 72. Kd3 Rc1 73. Nc4 Kf5 74. Ra8 Rd1+ 75. Kc2 Rh1 76. Rf8+ Ke4 77. Re8 Kd5 78. Nd2 Kxe5 79. Ra8 Rh2 80.
Ra5+ Kf6 81. Ra3 e5 82. Rf3+ Ke6 83. Kc1 Kd5 84. Kc2 e4 85. Re3 Kd4 86. Rxe4+ Kd5 87. Ra4 Kc5 88. Kc3 Kb5 89. Rg4 Rh3+ 90. Kd4 Kb6 91.
Nc4+ Kc7 92. Kc5 Rh5+ 93. Kd4 Kc6 94. Rg6+ Kd7 95. Ne5+ Ke7 96. Kd5 Rh1 97. Re6+ Kd8 98.
Ra6 Rd1+ 99. Ke6 Kc7 100. Rc6+ Kb7 101. Rc2 Re1 102. Kd5 Rd1+ 103. Kc5 Re1 104. Nc4 Rh1 105. Rg2 Rh5+ 106. Kb4 Rh4 107. Rg6 Kc7 108. Kc5 Rh5+ 109. Kd4 Rh4+ 110. Kd5 Kd7 111. Rg7+ Kc8 112. Ne5 Rh1 113. Nc4 Kb8 114. Kc6 Rh6+ 115. Nd6 Rh1 116. Rg8+ Ka7 117. Nb5+ Ka6 118. Ra8# 1-0